 Dungeon Crawl Stone Soup version 0.23.1 (webtiles) character file.

Game seed: 7448753719708579353

214 Borgoz the Skirmisher (level 5, -2/46 HPs)
             Began as a Ghoul Monk on Mar 16, 2019.
             Slain by an ogre
             ... wielding a +0 giant spiked club
              (25 damage)
             ... on level 4 of the Dungeon.
             The game lasted 00:05:20 (2827 turns).

Borgoz the Skirmisher (Ghoul Monk)                  Turns: 2827, Time: 00:05:20

Health: -2/46      AC:  4    Str: 15    XL:     5   Next: 91%
Magic:  4/4        EV: 13    Int:  6    God:
Gold:   180        SH:  0    Dex: 11    Spells: 4/4 levels left

rFire    . . .     SeeInvis .   a - +0 short sword
rCold    + . .     Gourm    .   (no shield)
rNeg     + + +     Faith    .   q - +0 troll leather armour
rPois    ∞         Spirit   .   (no helmet)
rElec    .         Reflect  .   (no cloak)
rCorr    .         Harm     .   (no gloves)
MR       .....                  (no boots)
Stlth    ++........             g - amulet of magic regeneration
HPRegen  0.00/turn              (no ring)
MPRegen  0.34/turn              (no ring)

@: rotting
A: rotting body, claws 1, carnivore, cold resistance 1, negative energy
resistance 3, inhibited regeneration, torment resistance, unbreathing
a: no special abilities


You were on level 4 of the Dungeon.
You were not hungry.

You visited 1 branch of the dungeon, and saw 4 of its levels.

You collected 180 gold pieces.

Inventory:

Hand Weapons
 a - a +0 short sword (weapon)
Missiles
 j - 13 poisoned needles
Armour
 q - a +0 troll leather armour (worn)
Jewellery
 g - an amulet of magic regeneration (around neck)
Scrolls
 b - 5 scrolls of identify {unknown}
 f - 2 scrolls of enchant weapon {unknown}
 h - 2 scrolls of noise {unknown}
 m - a scroll of random uselessness {unknown}
 o - 2 scrolls of remove curse {unknown}
Potions
 d - a potion of curing
 i - a potion of magic {unknown}
 k - 2 potions of degeneration {unknown}
 l - a potion of berserk rage {unknown}
 n - a potion of heal wounds {unknown}
Comestibles
 c - 6 rations
 p - 4 chunks of flesh


   Skills:
 + Level 3.9 Fighting
 * Level 3.7 Short Blades
 * Level 2.2 Armour
 * Level 3.7 Dodging
 + Level 3.1 Stealth


You had 4 spell levels left.
You didn't know any spells.
Your spell library was empty.

Dungeon Overview and Level Annotations

Branches:
Dungeon (4/15)
 Temple: D:4-7

Altars:

Annotations:
D:3 2 transporters


Innate Abilities, Weirdness & Mutations

Your body is rotting away.
You thrive on raw meat.
You are immune to poison.
You have sharp fingernails.
You are carnivorous and can eat meat at any time.
Your flesh is cold resistant. (rC+)
You are immune to negative energy. (rN+++)
You do not regenerate when monsters are visible.
You are immune to unholy pain and torment.
You can survive without breathing.


Message History

You hit the ogre.
The ogre is severely wounded.
The ooze closely misses you.
You hit the ogre.
The ogre is severely wounded.
The ooze barely misses you.
The ogre hits you with a +0 giant spiked club!
You closely miss the ogre.
The ogre is severely wounded.
The ooze hits you. The ogre closely misses you.
You are too injured to fight recklessly!
You are too injured to fight recklessly!
You hit the ogre.
The ogre is almost dead.
The ooze barely misses you.
You barely miss the ogre.
The ogre is almost dead.
The ogre hits you with a +0 giant spiked club!!
Ouch! That really hurt!
You die...

. #............#
#.. #............#
#...#............#
#...##.#.......###
#........#####.#
#........# #.#
#.(......# #.#
#........# #.#
#.......@# #.#
#######JO# #.#
...Z. #.#########
........
#.).......#
...........
#########.#
..........). #.#
.......>....# #.#
............# #.#
#.##


You could see an ogre, an ooze and a bullfrog skeleton.

Vanquished Creatures
  An ogre (D:4)
  A hound skeleton (D:2)
  4 adders
  An ooze (D:3)
  A worm (D:2)
  2 dart slugs (D:2)
  3 leopard geckos (D:1)
  An orc (D:3)
  7 bats
  7 giant cockroaches
  5 hobgoblins
  7 jackals
  2 quokkas
  5 frilled lizards (D:2)
  3 goblins
  8 kobolds
  8 rats
66 creatures vanquished.

Notes
Turn   | Place    | Note
-------+----------+-------------------------------------------
     0 | D:1      | Borgoz the Ghoul Monk began the quest for the Orb.
     0 | D:1      | Reached XP level 1. HP: 19/19 MP: 0/0
   433 | D:1      | Reached XP level 2. HP: 26/26 MP: 1/1
   937 | D:1      | Reached skill level 1 in Armour
   937 | D:1      | Reached XP level 3. HP: 30/30 MP: 2/2
  1350 | D:2      | Found a faded altar of an unknown god.
  1358 | D:2      | Reached XP level 4. HP: 28/38 MP: 3/3
  2006 | D:2      | Reached XP level 5. HP: 27/46 MP: 4/4
  2292 | D:3      | Found a transporter.
  2336 | D:3      | Found a transporter.
  2694 | D:4      | Noticed an ogre
  2711 | D:4      | Killed an ogre
  2808 | D:4      | Noticed an ogre
  2827 | D:4      | Slain by an ogre

Skill      XL: |  1  2  3  4  5 |
---------------+----------------+-----
Short Blades   | 3 |  3.7
Armour         | 1 2 |  2.2
Dodging        | 3 |  3.7
Stealth        | 3 |  3.1
Fighting       | |  3.9

Action                   |  1- 3 |  4- 6 || total
-------------------------+-------+-------++-------
Melee: Short sword       |   187 |   203 ||   390
  Use: Potion            |       |     1 ||     1
 Stab: Sleeping          |     7 |       ||     7
  Eat: Chunk             |    11 |    13 ||    24
Armor: Ring mail         |    84 |    54 ||   138
       Robe              |     3 |       ||     3
       Troll leather arm |       |     1 ||     1
Dodge: Dodged            |   130 |   132 ||   262
